 Dungeon Crawl Stone Soup version 0.21.1-1-g345015f (webtiles) character file.

95 letownia2 the Charmwright (level 4, -2/33 HPs)
             Began as a Merfolk Skald on Mar 14, 2018.
             Slain by a quokka (4 damage)
             ... on level 2 of the Dungeon.
             The game lasted 00:05:07 (471 turns).

letownia2 the Charmwright (Merfolk Skald)            Turns: 471, Time: 00:05:07

Health: -2/33      AC:  4    Str: 12    XL:     4   Next: 66%
Magic:  1/7        EV: 12    Int: 12    God:
Gold:   60         SH:  0    Dex: 13    Spells: 4/7 levels left

rFire    . . .     SeeInvis .   a - +0 spear
rCold    . . .     Gourm    .   (no shield)
rNeg     . . .     Faith    .   b - +0 leather armour
rPois    .         Spirit   .   i - +0 helmet
rElec    .         Reflect  .   (no cloak)
rCorr    .         Harm     .   (no gloves)
MR       .....                  (no boots)
Stlth    +.........             (no amulet)
HPRegen  0.11/turn              (no ring)
MPRegen  0.10/turn              (no ring)

@: no status effects
A: change form in water, swift swim, stealthy swim
a: no special abilities


You were on level 2 of the Dungeon.
You were not hungry.

You visited 1 branch of the dungeon, and saw 3 of its levels.

You collected 60 gold pieces.

Inventory:

Hand Weapons
 a - a +0 spear (weapon)
Armour
 b - a +0 leather armour (worn)
 i - a +0 helmet (worn)
Scrolls
 j - a scroll of magic mapping {unknown}
Potions
 e - a potion of haste {unknown}
 f - a potion of berserk rage {unknown}
 g - a potion of cancellation {unknown}
 h - a potion of lignification {unknown}
 k - a potion of agility {unknown}
 l - a potion of resistance {unknown}
Books
 c - a book of Battle

   Spells                             Type                      Level
   a - Infusion                       Charms                       1
   b - Shroud of Golubria             Charms/Translocation         2
   c - Song of Slaying                Charms                       2
   d - Spectral Weapon                Hexes/Charms                 3
   e - Regeneration                   Charms/Necromancy            3
Comestibles
 d - 4 rations


   Skills:
 - Level 2.1 Fighting
 - Level 3.0 Polearms
 - Level 0.6 Armour
 - Level 2.6 Dodging
 - Level 2.0 Spellcasting
 + Level 5.4 Charms
 - Level 1.1 Translocations


You had 4 spell levels left.
You knew the following spells:

 Your Spells              Type           Power        Failure   Level  Hunger
a - Infusion              Chrm           ##..         3%          1    ##.....
t - Shroud of Golubria    Chrm/Tloc      #.........   14%         2    ###....


Dungeon Overview and Level Annotations

Branches:
Dungeon (3/15)

Altars:


Message History

Press: ? - help, Dir - move target cursor, f - quokka
Aim: a quokka You hit the quokka.
The quokka is moderately wounded.
The quokka bites you.
* * * LOW HITPOINT WARNING * * *
Attack whom?
Press: ? - help, Dir - move target cursor, f/p - quokka
Aim: a quokka (moderately wounded)
You miss the quokka.
The quokka is moderately wounded.
The quokka barely misses you.
The quokka bites you but does no damage.
Attack whom?
Press: ? - help, Dir - move target cursor, f/p - quokka
Aim: a quokka (moderately wounded)
You hit the quokka but do no damage.
The quokka is moderately wounded.
The quokka bites you.
You die...

#.#..### ##.#
##g#
..##...####.#
#..#
.#####...##.#
#.## #
###.##.##
###..# #.##..#
.#..##
#.....####...#
####....>g##.
##.###r#..
#...#@#.
###.#.# .#.#
... #.. ....
.... .###.


You could see a quokka and a hobgoblin.

Vanquished Creatures
  A bullfrog (D:3)
  Robin (D:2)
  A leopard gecko (D:1)
  A bat (D:2)
  10 goblins (D:2)
  3 hobgoblins
  2 kobolds
  A quokka (D:2)
  A ball python (D:3)
  2 frilled lizards (D:2)
  2 rats
25 creatures vanquished.

Notes
Turn   | Place    | Note
-------+----------+-------------------------------------------
     0 | D:1      | letownia2 the Merfolk Skald began the quest for the Orb.
     0 | D:1      | Reached XP level 1. HP: 16/16 MP: 3/3
    81 | D:2      | Reached XP level 2. HP: 22/22 MP: 0/5
    85 | D:2      | Reached skill level 4 in Charms
   109 | D:2      | Noticed Robin
   262 | D:1      | Learned a level 2 spell: Shroud of Golubria
   341 | D:2      | Killed Robin
   341 | D:2      | Reached XP level 3. HP: 7/27 MP: 0/6
   363 | D:2      | Reached skill level 1 in Translocations
   457 | D:3      | Noticed a bullfrog
   461 | D:3      | Killed a bullfrog
   461 | D:3      | Reached skill level 5 in Charms
   461 | D:3      | Reached XP level 4. HP: 4/33 MP: 0/7
   471 | D:2      | Slain by a quokka

Skill      XL: |  1  2  3 |
---------------+----------+-----
Charms         | 4 5 |  5.4
Translocations | 1 |  1.1
Fighting       | |  2.1
Polearms       | |  3.0
Armour         | |  0.6
Dodging        | |  2.6
Spellcasting   | |  2.0

Action                   |  1- 3 |  4- 6 || total
-------------------------+-------+-------++-------
Melee: Spear             |    80 |     6 ||    86
       Tailslap          |     1 |       ||     1
 Cast: Infusion          |     8 |       ||     8
       Shroud of Golubri |     1 |       ||     1
 Stab: Sleeping          |     1 |       ||     1
Armor: Leather armour    |    15 |     3 ||    18
Dodge: Dodged            |    29 |     6 ||    35
